 Dungeon Crawl Stone Soup version 0.30-a0-415-g685d318daa (webtiles) character file.

Game seed: 3451080169362928555

155286 Bnni the Black Crusader (level 17, -11/142 HPs)
             Began as a Demonspawn Fighter on Dec 8, 2022.
             Was a Believer of Yredelemnul.
             Shot with a bolt by Vashnia (18 damage)
             ... on level 3 of the Snake Pit.
             The game lasted 01:40:43 (29388 turns).

Bnni the Black Crusader (Demonspawn Fighter)       Turns: 29388, Time: 01:40:43

Health: -11/142    AC: 31    Str: 21    XL:     17   Next: 8%
Magic:  25/30      EV:  9    Int: 12    God:    Yredelemnul [**....]
Gold:   1698       SH: 10    Dex: 14    Spells: 16/16 levels left

rFire   . . .      SeeInvis +    a - +9 demon trident (venom)
rCold   + . .      Faith    +    c - +0 buckler
rNeg    + + .      Spirit   .    h - +2 pearl dragon scales
rPois   .          Reflect  .    (helmet unavailable)
rElec   +          Harm     .    f - +2 cloak
rCorr   .          Rampage  +    (no gloves)
Will    ++...                    b - +2 pair of boots {rampage}
Stlth   ..........               S - amulet of faith
HPRegen 0.43/turn                Q - +4 ring of protection
MPRegen 0.22/turn                U - ring "Xuisiaq" {rC+ rN+}

@: lethally poisoned (-11 -> -14)
A: antennae 3, thin metallic scales 3, powered by death 1, condensation shield,
demonic willpower
a: Renounce Religion, Recall Undead Harvest, Dark Bargain


You were on level 3 of the Snake Pit.
You worshipped Yredelemnul.
Yredelemnul was most pleased with you.
You visited 4 branches of the dungeon, and saw 25 of its levels.
You also visited: Ossuary and Volcano.

You collected 3105 gold pieces.
You spent 1407 gold pieces at shops.

Inventory:

Hand Weapons
 a - a +9 demon trident of venom (weapon)
Missiles
 e - 20 poisoned darts
 i - 37 boomerangs (quivered)
 D - 4 silver javelins
 E - 4 javelins
 F - 6 curare-tipped darts
 O - 5 boomerangs of dispersal
Armour
 b - a +2 pair of boots of rampaging (worn)
 c - a +0 buckler (worn)
 f - a +2 cloak (worn)
 h - +2 pearl dragon scales (worn)
 T - the +0 tower shield of Reason {Regen+ Stlth+}
   (You acquired it on level 2 of the Snake Pit)

   Regen:     It increases your rate of health regeneration.
   Stlth:     It makes you more stealthy.
Jewellery
 y - a ring of poison resistance
 B - a ring of protection from cold
 Q - a +4 ring of protection (left hand)
 R - a ring of protection from fire
 S - an amulet of faith (around neck)
 U - the ring "Xuisiaq" (right hand) {rC+ rN+}
   (You bought it in a shop on level 1 of the Dungeon)

   [ring of protection from cold]

   rC:        It protects you from cold.
   rN:        It protects you from negative energy.
Wands
 p - a wand of flame (37)
 x - a wand of light (11)
 L - a wand of roots (47)
 N - a wand of mindburst (13)
 P - a wand of polymorph (4)
 W - a wand of paralysis (9)
Scrolls
 l - 16 scrolls of teleportation
 m - 3 scrolls of summoning
 n - 3 scrolls of poison
 o - 6 scrolls of magic mapping
 q - 2 scrolls of amnesia
 A - 5 scrolls of enchant weapon
 G - 7 scrolls of immolation
 I - 3 scrolls of vulnerability
 J - 7 scrolls of fear
 K - 3 scrolls of butterflies
Potions
 d - a potion of might
 g - 6 potions of brilliance
 j - 6 potions of curing
 k - 6 potions of mutation
 r - 4 potions of invisibility
 u - a potion of resistance
 v - 7 potions of haste
 w - 4 potions of lignification
 z - 2 potions of cancellation
 C - 5 potions of ambrosia
 H - 3 potions of berserk rage
 M - 4 potions of attraction
 V - 3 potions of heal wounds
 X - 4 potions of magic
 Z - 3 potions of experience {unknown}
Miscellaneous
 s - a box of beasts


   Skills:
 + Level 15.4 Fighting
 - Level 14.0 Polearms
 * Level 10.2 Throwing
 + Level 10.1 Armour
 * Level 10.3 Shields
 + Level 19.1 Invocations


You had 16 spell levels left.
You didn't know any spells.
Your spell library contained the following spells:

 Spells                   Type           Power      Damage    Failure   Level
 Apportation              Tloc           0%         N/A       73%         1
 Freeze                   Ice            0%         1d3       73%         1
 Necrotise                Necr           0%         1d4       73%         1
 Shock                    Conj/Air       0%         1d3       73%         1
 Summon Small Mammal      Summ           0%         N/A       73%         1
 Blink                    Tloc           0%         N/A       86%         2
 Ensorcelled Hibernation  Hex/Ice        0%         N/A       86%         2
 Momentum Strike          Conj/Tloc      0%         3d8       86%         2
 Passwall                 Tmut/Erth      0%         N/A       86%         2
 Dazzling Flash           Conj/Hex       0%         N/A       97%         3
 Frozen Ramparts          Ice            0%         1d1       97%         3
 Hailstorm                Conj/Ice       0%         3d3       97%         3
 Ignite Poison            Fire/Tmut/Pois 0%         N/A       97%         3
 Kindle Blastsparks       Fire/Tloc/Air  0%         2d10      97%         3
 Lesser Beckoning         Tloc           0%         N/A       97%         3
 Swiftness                Air            0%         N/A       97%         3
 Airstrike                Air            0%         2d(0-16)  100%        4
 Anguish                  Hex/Necr       0%         N/A       100%        4
 Animate Armour           Summ/Erth      0%         N/A       100%        4
 Flame Wave               Conj/Fire      0%         2d4       100%        4
 Ice Form                 Ice/Tmut       0%         N/A       100%        4
 Iskenderun's Mystic Bla  Conj/Tloc      0%         2d3       100%        4
 Leda's Liquefaction      Hex/Erth       0%         N/A       100%        4
 Summon Ice Beast         Ice/Summ       0%         N/A       100%        4
 Summon Lightning Spire   Summ/Air       0%         N/A       100%        4
 Agony                    Necr           0%         N/A       100%        5
 Borgnjor's Vile Clutch   Necr/Erth      0%         N/A       100%        5
 Freezing Cloud           Conj/Ice/Air   0%         6-21      100%        5
 Lee's Rapid Deconstruct  Erth           0%         3d4*      100%        5
 Silence                  Hex/Air        0%         N/A       100%        5
 Conjure Ball Lightning   Conj/Air       0%         3x3d7     100%        6
 Dispersal                Tloc           0%         N/A       100%        6
 Starburst                Conj/Fire      0%         6d3       100%        6
 Statue Form              Tmut/Erth      0%         N/A       100%        6
 Enfeeble                 Hex            0%         N/A       100%        7
 Storm Form               Tmut/Air       0%         N/A       100%        7
 Borgnjor's Revivificati  Necr           0%         N/A       100%        8
 Discord                  Hex            0%         N/A       100%        8
 Disjunction              Tloc           0%         N/A       100%        8
 Maxwell's Capacitive Co  Air            0%         ∞         100%        8
 Necromutation            Tmut/Necr      0%         N/A       100%        8
 Chain Lightning          Conj/Air       0%         N/A       100%        9
 Death's Door             Necr           0%         N/A       100%        9
 Animate Dead             Necr           Unusable   N/A       N/A         4
 Death Channel            Necr           Unusable   N/A       N/A         6

Dungeon Overview and Level Annotations

Branches:
Dungeon (15/15)            Temple (0/1) D:6            Lair (5/5) D:8
 Shoals (0/4) Lair:3        Snake (3/4) Lair:3        Slime (0/5) Lair:5
    Orc (2/2) D:11            Elf (0/3) Orc:2        Vaults (0/5) D:13
 Depths (0/4) D:15        Ossuary (visited)         Volcano (visited)

Altars:
Cheibriados
Makhleb
Okawaru
Ru
Sif Muna
Trog
Wu Jian
Yredelemnul
Jiyva

Shops:
D:1 =   D:6 *   D:7 =   D:8 :   D:14 *   D:15 [   Orc:2 ([*=

Portals:
Abyss: Orc:2

Annotations:
Snake:3 Vashnia


Innate Abilities, Weirdness & Mutations

You have a pair of large antennae on your head. (SInv)
You are completely covered in thin metallic scales. (AC +4, rElec)
You regenerate a little health from kills.
A meltable shield of frost defends you. (SH +4)
You punish those that try to bend your will. (Will+)


Message History

The naga sharpshooter mumbles some strange words.
The naga sharpshooter magically shoots a bolt.
The bolt hits you!!
* * * LOW HITPOINT WARNING * * *
Vashnia casts a spell.
Vashnia magically shoots a bolt.
The bolt barely misses you.
The naga ritualist mumbles some strange prayers to its god.
The naga ritualist begins to radiate toxic energy.
* * * LOW HITPOINT WARNING * * *
You are more poisoned.
The naga sharpshooter mumbles some strange words.
The naga sharpshooter magically shoots an arrow.
You block the arrow.
Your mana viper zombie bites the naga sharpshooter.
You feel very sick.
* * * LOW HITPOINT WARNING * * *
You are more poisoned.
The naga sharpshooter shoots a bolt.
The bolt hits you!
* * * LOW HITPOINT WARNING * * *
Your mana viper zombie bites the naga sharpshooter!
The naga sharpshooter shoots an arrow.
You block the arrow.
You close the large door.
* * * LOW HITPOINT WARNING * * *
You feel very sick.
You feel better.
Vashnia opens the large door.
The naga sharpshooter spits poison at you.
The splash of poison hits you but does no damage.
You are poisoned.
Unknown command.
You feel better.
* * * LOW HITPOINT WARNING * * *
You are poisoned.
The naga sharpshooter gestures wildly while chanting.
The naga sharpshooter magically shoots a bolt.
The bolt hits you!
* * * LOW HITPOINT WARNING * * *
Vashnia shoots a bolt.
The bolt hits you!!
You die...
Your body rises from the dead as a mindless zombie.

..... #...# #...##...#
...N... #........# .......
#........# ....{..
#......Z.# .N.....
##..##'### ...N...
#..#...##
.......####..#....##
....N..'.@...#.....##
....N)Z'.....+......#
.....ZN#####.#......#
....... #.#......# .....Z.
##.#......#
.......####..+......#
.......+..Z..#......+
.......+.....#......#
.<.....+.....#......#+####


You could see Vashnia (ally target), 2 naga sharpshooters, a naga ritualist
(toxic aura), a friendly mana viper zombie and a friendly naga sharpshooter
zombie.

Vanquished Creatures
  Azrael (D:14)
  A dire elephant (Lair:5)
  2 fire dragons (D:15)
  A yaktaur captain (D:14)
  Erolcha (D:9)
  6 hydras
  An ice dragon (D:15)
  2 anacondas
  A catoblepas (Lair:5)
  A death knight (D:13)
  2 ogre magi
  8 centaur warriors
  A deep troll shaman (Lair:5)
  8 boulder beetles
  A naga warrior (Snake:2)
  10 two-headed ogres
  5 death yaks
  3 naga sharpshooters
  2 orc high priests (Orc:2)
  4 shock serpents
  3 skeletal warriors (D:13)
  A fire crab (Lair:4)
  A salamander mystic (Snake:1)
  2 naga ritualists
  Pikel (D:9)
  A lindwurm (Volcano)
  4 orc knights
  A deep elf zephyrmancer (D:13)
  7 mana vipers
  2 orc sorcerers (Orc:2)
  5 cyclopes
  2 manticores
  2 deep elf pyromancers
  3 salamanders (Snake:1)
  5 ugly things
  13 elephants
  Maurice (D:9)
  3 toenail golems (Volcano)
  A centaur zombie (D:13)
  A merfolk siren (Lair:3)
  A guardian serpent (Snake:3)
  4 naga magi
  8 black mambas
  5 torpor snails
  A gargoyle (D:13)
  A molten gargoyle (Volcano)
  3 centaur skeletons (D:13)
  Maggie (D:6)
  2 rime drakes
  3 yaktaurs (D:15)
  A kobold demonologist (D:12)
  13 cane toads
  8 komodo dragons
  4 efreet
  A freezing wraith (D:14)
  3 unseen horrors (D:12)
  A polar bear (Lair:3)
  A wind drake (shapeshifter) (D:14)
  6 trolls
  2 hornets
  4 dream sheep (Lair:3)
  A raiju (Orc:2)
  7 blink frogs
  Sigmund (D:3)
  4 shadows
  A culicivora (shapeshifter) (D:13)
  2 wyverns
  5 wraiths (D:13)
  30 yaks
  7 fire elementals
  2 large abominations (Orc:2)
  2 vampires
  3 vampire mosquitoes (D:8)
  Grum (Lair:1)
  2 basilisks
  2 steam dragons (D:7)
  A human zombie (D:13)
  A two-headed ogre zombie (D:11)
  A warg (Orc:1)
  An acid dragon (D:9)
  8 nagas
  10 water moccasins
  4 hell hounds
  An ice beast (D:8)
  A black bear (shapeshifter) (D:15)
  3 black bears
  34 orc warriors
  A sky beast (D:7)
  3 ogres
  13 wolves
  14 centaurs
  3 phantoms
  A kobold brigand (D:8)
  Blork the orc (D:4)
  10 bullfrogs
  6 scorpions
  2 earth elementals (Volcano)
  A gnoll sergeant (D:10)
  2 necrophages
  20 wights
  2 troll zombies (D:11)
  8 killer bees
  An electric eel (D:14)
  A howler monkey (D:9)
  Crazy Yiuf (D:3)
  8 hounds
  13 orc priests
  2 gnoll boudas
  Ijyb (D:2)
  3 iguanas
  Natasha (twice) (D:4)
  30 orc wizards
  9 spectral orcs (Orc:2)
  Terence (D:3)
  5 ogre zombies (D:11)
  13 mummies (Ossuary)
  11 gnolls
  6 adders
  A shadow imp (D:7)
  An ufetubus (D:4)
  2 adder zombies (D:3)
  2 worms
  2 dart slugs (D:2)
  82 orcs
  10 ball pythons
  6 endoplasms
  6 giant cockroaches
  16 goblins
  6 hobgoblins
  11 jackals
  6 quokkas
  5 bats
  3 frilled lizards
  2 gnoll skeletons (Ossuary)
  3 goblin skeletons
  A goblin zombie (D:11)
  4 hobgoblin skeletons (D:11)
  5 hobgoblin zombies (D:11)
  12 kobolds
  4 kobold skeletons (Ossuary)
  3 orc skeletons (D:11)
  18 orc zombies
  9 rats
  11 rat skeletons (Ossuary)
  2 fire vortices (Volcano)
755 creatures vanquished.

Vanquished Creatures (collateral kills)
  2 orc warlords
  The ghost of tensugalgo the Thaumaturge, a journeyman DjFE of Makhleb (Orc:2)
  The ghost of Soborki the Hoplite, a journeyman MiBe of Trog (Lair:5)
  5 hydras
  3 anacondas
  A centaur warrior (D:14)
  2 two-headed ogres
  A death yak (Lair:5)
  A death knight (D:14)
  A deep troll earth mage (D:14)
  4 naga warriors
  2 orc high priests (Orc:2)
  A thrashing horror (Orc:2)
  3 naga sharpshooters
  3 shock serpents
  A naga ritualist (Snake:2)
  A salamander mystic (Snake:2)
  2 deep elf archers
  A large abomination (Orc:2)
  A lindwurm (Volcano)
  3 orc knights (Orc:2)
  A deep elf pyromancer (D:12)
  A deep elf zephyrmancer (D:13)
  2 ugly things
  2 orc sorcerers (Orc:2)
  5 mana vipers
  A manticore (D:14)
  6 salamanders
  9 elephants
  A cyclops (D:14)
  13 black mambas
  3 torpor snails
  2 naga magi
  6 cane toads
  A centaur skeleton (D:13)
  A rime drake (Lair:5)
  A redback zombie (D:13)
  A yaktaur (D:15)
  A komodo dragon (Lair:2)
  2 freezing wraiths
  2 trolls
  An ancient zyme (Orc:2)
  Grinder (D:4)
  A hornet (Lair:3)
  A slime creature (D:14)
  7 blink frogs
  A wraith (D:12)
  A wyvern (Lair:4)
  A shadow (D:8)
  A water elemental (D:14)
  14 yaks
  2 basilisks
  A vampire mosquito (D:8)
  9 nagas
  2 water moccasins (Lair:1)
  A two-headed ogre zombie (D:13)
  12 orc warriors
  An ice beast (D:6)
  2 black bears
  4 wolves
  5 ogres
  5 centaurs
  A phantom (D:4)
  A necrophage (D:4)
  6 bullfrogs
  A scorpion (D:4)
  3 wights
  A killer bee (D:9)
  6 orc priests
  Natasha (D:4)
  4 orc wizards
  An adder (D:6)
  A dart slug (D:4)
  20 orcs
  A ball python (D:4)
  An endoplasm (D:4)
  A goblin (D:4)
  A goblin zombie (D:11)
  A hobgoblin zombie (D:11)
  A bush (Lair:5)
  A plant (Lair:5)
227 creatures vanquished.

Vanquished Creatures (others)
  2 spectral hydras
  A spectral anaconda (Snake:3)
  A wizard (D:14)
  2 shock serpent zombies
  A spectral cyclops (D:13)
  A mana viper zombie (Snake:2)
  A meliai (D:14)
  A slime creature (D:14)
  A deep troll zombie (Lair:5)
  7 black mamba zombies
  A wind drake zombie (D:14)
  2 slime creature zombies (D:14)
  A two-headed ogre zombie (D:13)
  3 cane toad zombies
  3 spectral efreet
  5 blink frog zombies (Lair:5)
  2 elf zombies (D:13)
  2 elephant zombies (Lair:5)
  3 naga zombies (Snake:3)
  A rime drake zombie (Lair:4)
  A vampire mosquito zombie (D:8)
  A torpor snail zombie (Lair:4)
  A spectral shadow imp (D:4)
  2 komodo dragon zombies (Lair:5)
  A wyvern zombie (D:8)
  4 yak zombies
  An electric eel (D:14)
  4 wolf zombies
  2 bullfrog zombies (Lair:4)
  9 centaur zombies
  2 black bear zombies (D:8)
  A scorpion zombie (D:8)
  3 killer bee zombies
  3 ogre zombies
  An acid dragon zombie (D:9)
  A human zombie (D:9)
  2 hound zombies (D:4)
  A felid zombie (D:4)
  2 gnoll zombies
  2 ball python zombies (D:4)
  An endoplasm zombie (D:4)
  A giant cockroach zombie (D:4)
  3 goblin zombies (D:4)
  3 kobold zombies
  50 orc zombies
  A quokka zombie (D:4)
  A spectral ufetubus (D:4)
  A fire vortex (Volcano)
  67 fungi
  87 plants
  8 withered plants (D:13)
308 creatures vanquished.

Grand Total: 1290 creatures vanquished

Notes
Turn   | Place    | Note
-------+----------+-------------------------------------------
     0 | D:1      | Bnni the Demonspawn Fighter began the quest for the Orb.
     0 | D:1      | Reached XP level 1. HP: 18/18 MP: 1/1
   139 | D:1      | Gained mutation: You are partially covered in thin metallic
                  | scales. (AC +2) [demonic ancestry]
   139 | D:1      | Reached XP level 2. HP: 18/24 MP: 2/2
   235 | D:1      | Found Pudeud's One-of-a-Kind Rings.
   392 | D:1      | Gained mutation: A meltable shield of frost defends you.
                  | (SH +4) [demonic ancestry]
   392 | D:1      | Reached XP level 3. HP: 27/29 MP: 3/3
   555 | D:1      | Found a faded altar of an unknown god.
  1161 | D:2      | Reached XP level 4. HP: 35/35 MP: 4/4
  1512 | D:3      | Noticed Ijyb
  1536 | D:2      | Killed Ijyb
  1770 | D:3      | Noticed Sigmund
  1788 | D:3      | Killed Sigmund
  1789 | D:3      | Reached XP level 5. HP: 15/42 MP: 5/5
  1789 | D:3      | Gained mutation: You have a pair of small antennae on your
                  | head. [demonic ancestry]
  1789 | D:3      | Reached XP level 6. HP: 17/48 MP: 6/6
  2036 | D:3      | Noticed Terence
  2042 | D:3      | Killed Terence
  2212 | D:3      | Found a basalt altar of Yredelemnul.
  2220 | D:3      | Became a worshipper of Yredelemnul the Dark
  2362 | D:3      | Found a runed translucent door.
  2363 | D:3      | Noticed Crazy Yiuf
  2373 | D:3      | Killed Crazy Yiuf
  2532 | D:4      | Found a sacrificial altar of Ru.
  2553 | D:4      | Noticed Natasha
  2556 | D:4      | Killed Natasha
  2557 | D:4      | Reached skill level 1 in Invocations
  2566 | D:4      | Gained mutation: You have a pair of antennae on your head.
                  | [demonic ancestry]
  2566 | D:4      | Reached XP level 7. HP: 55/55 MP: 6/8
  2581 | D:4      | Noticed Grinder
  2589 | D:4      | Your ally Natasha died
  2601 | D:4      | Killed Grinder
  2602 | D:4      | Reached * piety under Yredelemnul
  2602 | D:4      | Reached skill level 5 in Shields
  2602 | D:4      | Reached skill level 3 in Invocations
  2721 | D:4      | Reached skill level 5 in Polearms
  2773 | D:4      | Reached ** piety under Yredelemnul
  2774 | D:4      | Reached skill level 4 in Invocations
  2793 | D:4      | Reached skill level 5 in Fighting
  2808 | D:4      | Reached XP level 8. HP: 62/62 MP: 11/11
  3054 | D:4      | Noticed Blork the orc
  3058 | D:4      | Reached *** piety under Yredelemnul
  3069 | D:4      | Reached skill level 5 in Invocations
  3069 | D:4      | Your ally Grinder died
  3092 | D:4      | Killed Blork the orc
  3169 | D:4      | Your ally Blork died
  3524 | D:4      | Noticed Natasha
  3528 | D:4      | Killed Natasha
  3649 | D:4      | Noticed Natasha
  3655 | D:4      | Killed Natasha
  3824 | D:5      | Entered Level 5 of the Dungeon
  4321 | D:5      | Reached skill level 6 in Invocations
  4521 | D:6      | Noticed Maggie
  4530 | D:6      | Killed Maggie
  4541 | D:6      | Reached XP level 9. HP: 60/69 MP: 13/13
  4655 | D:6      | Reached skill level 7 in Invocations
  5095 | D:6      | Found a burning altar of Makhleb.
  5117 | D:6      | Found an ornate altar of the Wu Jian Council.
  5299 | D:6      | Found Ofaet's Serpentskin Sales.
  5308 | D:6      | Reached skill level 8 in Invocations
  5320 | D:6      | Bought 5 curare-tipped darts for 39 gold pieces
  5378 | D:6      | Found a staircase to the Ecumenical Temple.
  5481 | D:6      | Reached **** piety under Yredelemnul
  5625 | D:7      | Found a sand-covered staircase.
  5639 | Ossuary  | Entered an ossuary
  6086 | D:7      | Gained mutation: You are mostly covered in thin metallic
                  | scales. (AC +3) [demonic ancestry]
  6086 | D:7      | Reached XP level 10. HP: 79/79 MP: 16/16
  6455 | D:7      | Found Akhyck's Jewellery Emporium.
  6618 | D:7      | Reached skill level 9 in Invocations
  6905 | D:8      | Found a bloodstained altar of Trog.
  7042 | D:8      | Noticed a two-headed ogre
  7051 | D:8      | Killed a two-headed ogre
  7052 | D:8      | Reached skill level 10 in Polearms
  7094 | D:8      | Found Funwuloz's Book Boutique.
  7123 | D:8      | Found a staircase to the Lair.
  7153 | D:8      | Reached skill level 10 in Invocations
  7153 | D:8      | Noticed an elephant
  7164 | D:8      | Killed an elephant
  7628 | D:9      | Gained mutation: You regenerate a little health from kills.
                  | [demonic ancestry]
  7628 | D:9      | Reached XP level 11. HP: 87/87 MP: 18/18
  7685 | D:9      | Noticed Maurice
  7694 | D:9      | Killed Maurice
  7799 | D:9      | Noticed Erolcha
  7821 | D:9      | Your ally Maurice died
  8039 | D:9      | Killed Erolcha
  8139 | D:9      | Noticed a two-headed ogre
  8149 | D:9      | Killed a two-headed ogre
  8150 | D:9      | Reached skill level 11 in Invocations
  8173 | D:9      | Noticed Pikel
  8182 | D:9      | Killed Pikel
  8440 | D:10     | Entered Level 10 of the Dungeon
  8533 | D:10     | Found a shimmering blue altar of Sif Muna.
  9826 | D:11     | Found a staircase to the Orcish Mines.
  9999 | D:11     | Noticed a two-headed ogre
 10007 | D:11     | Reached skill level 10 in Fighting
 10013 | D:11     | Killed a two-headed ogre
 10014 | D:11     | Reached skill level 12 in Invocations
 10802 | D:11     | Noticed a two-headed ogre
 10807 | D:11     | Killed a two-headed ogre
 10808 | D:11     | Reached XP level 12. HP: 97/97 MP: 21/21
 10949 | D:11     | Reached ***** piety under Yredelemnul
 11121 | D:12     | Noticed a boulder beetle
 11136 | D:12     | Killed a boulder beetle
 11647 | D:12     | Noticed a two-headed ogre
 11654 | D:12     | Killed a two-headed ogre
 11823 | D:12     | Noticed a boulder beetle
 11835 | D:12     | Killed a boulder beetle
 11940 | D:12     | Reached skill level 13 in Invocations
 12522 | D:13     | Noticed a centaur warrior
 12537 | D:13     | Killed a centaur warrior
 12614 | D:13     | Noticed a centaur warrior
 12620 | D:13     | Killed a centaur warrior
 13228 | D:13     | Noticed a death knight
 13238 | D:13     | Killed a death knight
 13357 | D:13     | Noticed a centaur warrior
 13399 | D:13     | Noticed a two-headed ogre
 13408 | D:13     | Killed a two-headed ogre
 13408 | D:13     | Noticed an ogre mage
 13409 | D:13     | Reached skill level 14 in Invocations
 13421 | D:13     | Killed an ogre mage
 13422 | D:13     | Reached XP level 13. HP: 67/107 MP: 23/23
 13957 | D:13     | Reached skill level 15 in Invocations
 14539 | D:13     | Found a gate to the Vaults.
 14692 | D:14     | Noticed Azrael
 14730 | D:14     | Killed Azrael
 15062 | D:14     | Found Cuga's General Store.
 15429 | D:14     | Found an iron altar of Okawaru.
 15473 | D:14     | Reached skill level 16 in Invocations
 15474 | D:14     | Reached ****** piety under Yredelemnul
 15496 | D:14     | Reached skill level 5 in Armour
 15547 | D:14     | Gained mutation: You are completely covered in thin
                  | metallic scales. (AC +4, rElec) [demonic ancestry]
 15547 | D:14     | Reached XP level 14. HP: 111/118 MP: 12/26
 15754 | D:14     | Identified a scroll of acquirement
 15754 | D:14     | Acquired a +4 demon trident of venom
 16050 | D:15     | Entered Level 15 of the Dungeon
 16300 | D:15     | Reached skill level 1 in Throwing
 16386 | D:15     | Found a staircase to the Depths.
 16820 | D:15     | Got Raedaq's Simple Witchery
 17199 | D:15     | Found Puseu's Antique Armour Shop.
 17207 | D:15     | Bought a runed cloak for 180 gold pieces
 17321 | D:15     | Reached skill level 17 in Invocations
 17601 | Lair:1   | Entered Level 1 of the Lair of Beasts
 17920 | Lair:1   | Noticed Grum
 17933 | Lair:1   | Killed Grum
 18554 | D:1      | Bought the ring "Xuisiaq" {rC+ rN+} for 506 gold pieces
 18962 | Lair:2   | Reached skill level 5 in Throwing
 19384 | Lair:3   | Found a staircase to the Shoals.
 19845 | Lair:3   | Found a staircase to the Snake Pit.
 19852 | Lair:3   | Gained mutation: You punish those that try to bend your
                  | will. (Will+) [demonic ancestry]
 19852 | Lair:3   | Reached XP level 15. HP: 123/126 MP: 27/27
 20385 | Lair:3   | Paralysed by a hornet for 2 turns
 21877 | Lair:5   | Entered Level 5 of the Lair of Beasts
 21957 | Lair:5   | Identified the +1 chain mail of Bellicose Joy {Harm rC+
                  | Will+ rCorr}
 22024 | Lair:5   | Identified the +1 robe of Undesirable Species {rCorr}
 22116 | Lair:5   | Reached skill level 18 in Invocations
 22744 | Lair:5   | Found a viscous altar of Jiyva.
 22752 | Lair:5   | Found a staircase to the Slime Pits.
 22786 | Lair:5   | Found a runed translucent gate.
 22786 | Lair:5   | Found a runed translucent gate.
 22786 | Lair:5   | Found a runed translucent gate.
 22788 | Lair:5   | Noticed Soborki's ghost (journeyman MiBe)
 22807 | Lair:5   | Killed Soborki's ghost
 23222 | Lair:5   | Got the Papyrus of Dislocation and Bolts
 23547 | Orc:1    | Entered Level 1 of the Orcish Mines
 23779 | Orc:1    | Found a dark tunnel.
 23785 | Volcano  | Entered a volcano
 24129 | Volcano  | Gained mutation: You have a pair of large antennae on your
                  | head. (SInv) [demonic ancestry]
 24129 | Volcano  | Reached XP level 16. HP: 103/134 MP: 29/29
 24656 | Orc:2    | Entered Level 2 of the Orcish Mines
 24658 | Orc:2    | Found a staircase to the Elven Halls.
 24983 | Orc:2    | Found a transporter.
 25006 | Orc:2    | Found a transporter.
 25162 | Orc:2    | Found a one-way gate to the infinite horrors of the Abyss.
 25163 | Orc:2    | Noticed tensugalgo's ghost (journeyman DjFE)
 25405 | Orc:2    | Found Guattar's General Store.
 25406 | Orc:2    | Found Nydamiap's Jewellery Shoppe.
 25408 | Orc:2    | Found Inwifur's Antique Armour Shoppe.
 25408 | Orc:2    | Found Citaacrec's Antique Weapon Emporium.
 25563 | Orc:2    | Bought a pair of glowing boots for 202 gold pieces
 25610 | Orc:2    | Bought an amulet of faith for 480 gold pieces
 25766 | Orc:2    | Killed tensugalgo's ghost
 25767 | Orc:2    | Reached skill level 15 in Fighting
 26358 | Snake:1  | Entered Level 1 of the Snake Pit
 27824 | Snake:2  | Found a snail-covered altar of Cheibriados.
 28096 | Snake:2  | Reached skill level 19 in Invocations
 28274 | Snake:2  | Acquired the +0 tower shield of Reason {Regen+ Stlth+}
 28340 | Snake:2  | Reached skill level 10 in Shields
 28940 | Snake:3  | Reached skill level 10 in Throwing
 28951 | Snake:3  | Reached skill level 10 in Armour
 29202 | Snake:3  | Reached XP level 17. HP: 101/142 MP: 25/30
 29350 | Snake:3  | Noticed Vashnia
 29384 | Snake:3  | HP: 7/142 [naga sharpshooter/bolt[Vashnia] (17)]
 29388 | Snake:3  | Shot with a bolt by Vashnia

Illustrated notes

Levels and vault maps discovered:
D:1:      co_arrival_square_in_a_square_in_a_square, layout_loops_ring,
          chequers_ecumenical_altar_simple_redux, minmay_misc_feat_encased,
          st_stairs_1, nicolae_shop_unique_rings, hangedman_decor_points,
          feat_on_display
D:2:      layout_rooms, serial_curves, eino_curves_01, eino_curves_04,
          eino_curves_02, eino_curves_03
D:3:      kennysheep_the_goblin_king, layout_rooms,
          lemuel_zombie_altar_yredelemnul, minmay_crystal_water,
          uniq_crazy_yiuf_cottage, uniq_terence, uniq_sigmund
D:4:      minmay_bubble_buster, layout_loops_ring,
          nicolae_ru_great_annihilating_truth,
          nicolae_concentric_dashed_squares_mild, uniq_natasha, uniq_grinder,
          uniq_blork_the_orc
D:5:      layout_basic, tso_metal_star
D:6:      layout_basic, chequers_temple_overflow_statue_of_worship,
          kennysheep_mini, minmay_temple_entry_large_hall, guppyfry_shop_venom,
          uniq_maggie
D:7:      layout_basic, enter_ossuary_2, serial_shops, shop,
          hangedman_decor_lopped
D:8:      layout_cave_pools, trog_butcher_becter, david_lair_generic,
          serial_shops, shop, dreamdust_mushroom_princess
D:9:      layout_rooms, uniq_maurice, uniq_erolcha, uniq_pikel
D:10:     layout_stronghold, nicolae_sif_muna_condensation
D:11:     layout_stronghold, zombieorc2_lemuel
D:12:     layout_irregular_city, minivault_11
D:13:     layout_long_grid, hangedman_vaults_entry_quadrant_bands,
          serial_undead, serial_undead_b, serial_undead_c, serial_undead_e,
          serial_undead_d
D:14:     minmay_expanding_squares, layout_basic, okawaru_ov_weapons_minmay,
          serial_shops, shop, minmay_misc_feat_enclosed, uniq_azrael
D:15:     grunt_enter_depths_hoard, layout_irregular_city, serial_shops, shop,
          chequers_serial_rivers_room_b
Lair:1:   layout_chaotic_city, chequers_serial_rivers_room_b,
          dreamdust_gnoll_shepherd, uniq_grum
Lair:2:   layout_layer_cave
Lair:3:   cheibrodos_lair_overgrown_chateau, layout_cave_pods,
          minmay_shoals_entry_lonely_mermaid, minmay_snake_entry_guardpost_small
Lair:4:   nzn_winding_woodlands_cross [nzn_winding_woodlands_5x15_jagged,
          nzn_winding_woodlands_5x15_pathside_ponds,
          nzn_winding_woodlands_5x15_pool, nzn_winding_woodlands_5x15_garden,
          nzn_winding_woodlands_15x15_killbox], layout_regular_city
Lair:5:   grunt_lair_end_beastmaster, layout_misc_corridors, slime_entry_1,
          gammafunk_ghost_hydra_chop
Snake:1:  layout_misc_corridors
Snake:2:  layout_onion, basic_altar
Snake:3:  layout_gridlike, minmay_shop_enchanted_jewellery,
          nicolae_snake_gridmaze_squiggle, uniq_vashnia
Orc:1:    cheibrodos_orc_arena, layout_caves, enter_volcano_3
Orc:2:    st_orc_congregation, layout_caves, gammafunk_ghost_abyssal_escape

Skill      XL: |  1  2  3  4  5  6  7  8  9 10 11 12 13 14 15 16 |
---------------+-------------------------------------------------+-----
Polearms       | 2 3 4 5 7 9 10 12 14 | 14.0
Shields        | 3 4 5 8 10 | 10.3
Fighting       | 4 5 6 7 8 10 11 13 14 15 | 15.4
Invocations    | 1 4 6 8 10 12 14 16 17 18 19 | 19.1
Armour         | 6 8 9 10 | 10.1
Throwing       | 5 8 10 | 10.2

Action                   |  1- 3 |  4- 6 |  7- 9 | 10-12 | 13-15 | 16-18 || total
-------------------------+-------+-------+-------+-------+-------+-------++-------
Melee: Trident           |   182 |    56 |   151 |   747 |   296 |       ||  1432
       Halberd           |       |    76 |   263 |       |       |       ||   339
       Demon trident     |       |       |       |       |   810 |   403 ||  1213
Throw: Dart              |       |       |       |    11 |     1 |       ||    12
Invok: Recall Undead Har |       |       |     4 |     9 |    17 |     5 ||    35
       Dark Bargain      |       |       |     1 |     4 |     5 |    11 ||    21
       Bind Soul         |       |       |       |     1 |     3 |     2 ||     6
       Drain Life        |       |       |       |       |     6 |     6 ||    12
Evoke: Wand              |       |       |       |     1 |     1 |       ||     2
       Box of beasts     |       |       |       |       |     1 |       ||     1
  Use: Potion            |       |     1 |     2 |       |    11 |     3 ||    17
       Scroll            |       |     1 |    11 |     9 |    17 |     5 ||    43
 Stab: Invisible         |       |     1 |       |       |     6 |       ||     7
       Paralysed         |       |     1 |       |       |       |       ||     1
       Distracted        |       |       |     2 |     9 |    22 |     6 ||    39
       Petrified         |       |       |       |       |     9 |       ||     9
Armor: Scale mail        |    87 |    54 |    60 |       |       |       ||   201
       Pearl dragon scal |       |       |    64 |   230 |   390 |   147 ||   831
Dodge: Dodged            |    66 |    46 |   102 |   132 |   224 |    77 ||   647
Block: Buckler           |    52 |    22 |    28 |   196 |   234 |   106 ||   638
       Other             |       |    14 |    33 |       |       |       ||    47

Table legend: (Time is in decaauts)
 A = Elapsed time spent in this place.
 B = Non-inter-level travel time spent in this place.
 C = Inter-level travel time spent in this place.
 D = Time resting spent in this place.
 E = Time spent auto-exploring this place.
 F = Levels seen in this place.
 G = Mean time per level.
                   A        B        C        D        E       F      G
               +--------+--------+--------+--------+--------+-----+--------+
         Total |  28762 |  27059 |   1703 |   4865 |  16577 |  27 | 1065.3 |
       Dungeon |  17457 |  16382 |   1075 |   2869 |  10105 |  15 | 1163.8 |
          Lair |   5504 |   5153 |    351 |    706 |   3523 |   5 | 1100.8 |
     Snake Pit |   2931 |   2846 |     85 |    761 |   1673 |   3 |  977.0 |
  Orcish Mines |   1984 |   1793 |    191 |    205 |   1067 |   2 |  992.0 |
       Ossuary |    377 |    377 |      0 |      0 |    209 |   1 |  377.0 |
       Volcano |    507 |    507 |      0 |    324 |      0 |   1 |  507.0 |
               +--------+--------+--------+--------+--------+-----+--------+

Top non-repeatable levels by time:
    D:13: 2110 daAuts
    D:11: 1697 daAuts
 Snake:2: 1524 daAuts
  Lair:3: 1477 daAuts
   Orc:2: 1457 daAuts
     D:4: 1424 daAuts
  Lair:5: 1410 daAuts
    D:15: 1369 daAuts
    D:14: 1368 daAuts
    D:10: 1239 daAuts
    D:12: 1232 daAuts
     D:6: 1203 daAuts
  Lair:4: 1109 daAuts
     D:8: 982 daAuts
     D:3: 958 daAuts
